 Dungeon Crawl Stone Soup version 0.29-a0-817-g9904bce7a6 (webtiles) character file.

Game seed: 1287634589445246263

11 xian the Cudgeller (level 2, 0/22 HPs)
             Began as a Ghoul Wanderer on July 5, 2022.
             Slain by a kobold
             ... wielding a +0 short sword
              (4 damage)
             ... on level 1 of the Dungeon.
             The game lasted 00:01:05 (170 turns).

xian the Cudgeller (Ghoul Wanderer)                  Turns: 170, Time: 00:01:06

Health: 0/22       AC:  3    Str: 16    XL:     2   Next: 25%
Magic:  2/2        EV: 10    Int:  5    God:
Gold:   9          SH:  4    Dex:  9    Spells: 3/3 levels left

rFire   . . .      SeeInvis .   a - +2 hand axe
rCold   + . .      Faith    .   c - +0 buckler
rNeg    + + +      Spirit   .   e - +0 leather armour
rPois   ∞          Reflect  .   (no helmet)
rElec   .          Harm     .   (no cloak)
rCorr   .          Rampage  .   (no gloves)
Will    .....                   (no boots)
Stlth   +.........              (no amulet)
HPRegen 0.00/turn               (no ring)
MPRegen 0.08/turn               (no ring)

@: inhibited regen
A: claws 1, cold resistance 1, negative energy resistance 3, inhibited
regeneration, torment resistance 2, devour on kill
a: no special abilities


You were on level 1 of the Dungeon.
You visited 1 branch of the dungeon, and saw 1 of its levels.

You collected 9 gold pieces.

Inventory:

Hand Weapons
 a - a +2 hand axe (weapon)
 b - a +0 mace
Armour
 c - a +0 buckler (worn)
 e - a +0 leather armour (worn)
Scrolls
 d - a scroll of blinking
 f - 2 scrolls of teleportation {unknown}
Potions
 g - a potion of invisibility {unknown}


   Skills:
 + Level 0.4 Fighting
 + Level 1.8(2.7) Axes
 + Level 3.0(3.2) Maces & Flails
 + Level 1.1 Stealth
 + Level 2.9 Shields
 + Level 1.0 Spellcasting


You had 3 spell levels left.
You didn't know any spells.
Your spell library was empty.

Dungeon Overview and Level Annotations

Branches:
Dungeon (1/15)

Altars:


Innate Abilities, Weirdness & Mutations

You are immune to poison.
You have sharp fingernails.
Your flesh is cold resistant. (rC+)
You are immune to negative energy. (rN+++)
You do not regenerate when monsters are visible.
You are immune to unholy pain and torment.
You thrive by killing the living.


Message History

You kill the ball python!
The endoplasm freezes you.
You are frozen.
You resist.
A kobold comes into view. It is wielding a +0 short sword.
You have reached level 2!
You barely miss the endoplasm.
The kobold shouts!
A giant cockroach comes into view.
An endoplasm comes into view.
The endoplasm hits you but does no damage.
You slash the endoplasm!
You kill the endoplasm!
You feel better.
You barely miss the goblin.
A kobold comes into view. It is wielding a +0 short sword.
The goblin hits you with a +2 dagger of venom.
You hit the goblin.
The goblin is moderately wounded.
The goblin barely misses you.
You hit the goblin.
You kill the goblin!
The endoplasm freezes you.
You are frozen.
You resist.
You slash the endoplasm!
You kill the endoplasm!
You feel better.
You barely miss the kobold. The kobold barely misses you.
You hit the kobold.
The kobold is severely wounded.
The giant cockroach bites you.
The kobold hits you with a +0 short sword. x2
* * * LOW HITPOINT WARNING * * *
You block the giant cockroach's attack.
Things that are here:
a +2 dagger of venom; a goblin corpse; a ball python corpse You hit the giant cockroach.
The giant cockroach is moderately wounded.
You closely miss the kobold. You barely miss the kobold.
The kobold closely misses you.
The kobold hits you with a +0 short sword.
You die...

..... .... ..... .....
#... ..... ## .g.# ......
#...#..##...#..
...........#... # .#
#.#...... .#. ##.#
#BK...... ...
###..######@#.#.#.#
#.###...##....K.#...
#..........#.#### ....
#.###.#..###.# #....
##.##.........# ##..#
............### ##.##..
.# ..........### #... .#
.........## ######.# ..
........#####......######
.#


You could see a giant cockroach and 2 kobolds.

Vanquished Creatures
  A ball python (D:1)
  3 endoplasms (D:1)
  A goblin (D:1)
  A quokka (D:1)
  2 bats (D:1)
  A rat (D:1)
9 creatures vanquished.

Notes
Turn   | Place    | Note
-------+----------+-------------------------------------------
     0 | D:1      | xian the Ghoul Wanderer began the quest for the Orb.
     0 | D:1      | xian set off with the following items: a +2 hand axe, a +0
                  | mace, a +0 buckler, a scroll of blinking, a +0 leather
                  | armour.
     0 | D:1      | Reached XP level 1. HP: 14/14 MP: 1/1
   160 | D:1      | Reached skill level 3 in Maces & Flails
   161 | D:1      | Reached XP level 2. HP: 9/20 MP: 2/2
   170 | D:1      | Slain by a kobold

Illustrated notes

Levels and vault maps discovered:
D:1:      amcnicky_arrival_flooded_fountain, layout_rooms,
          shapermc_ecumenical_altar_petra, hangedman_decor_opposing

Skill      XL: |  1 |
---------------+----+-----
Maces & Flails | 3 |  3.0
Fighting       | |  0.4
Axes           | |  1.8
Stealth        | |  1.1
Shields        | |  2.9
Spellcasting   | |  1.0

Action                   || total
-------------------------++-------
Melee: Hand axe          ||    20
Armor: Leather armour    ||     7
Dodge: Dodged            ||    15
Block: Buckler           ||     5

Table legend: (Time is in decaauts)
 A = Elapsed time spent in this place.
 B = Non-inter-level travel time spent in this place.
 C = Inter-level travel time spent in this place.
 D = Time resting spent in this place.
 E = Time spent auto-exploring this place.
 F = Levels seen in this place.
 G = Mean time per level.
                   A        B        C        D        E       F      G
               +--------+--------+--------+--------+--------+-----+--------+
         Total |    173 |    173 |      0 |      0 |     78 |   1 |  173.0 |
       Dungeon |    173 |    173 |      0 |      0 |     78 |   1 |  173.0 |
               +--------+--------+--------+--------+--------+-----+--------+

Top non-repeatable levels by time:
     D:1: 173 daAuts
